 Dungeon Crawl Stone Soup version 0.23.2-11-gf996548 (webtiles) character file.

Game seed: 8016779900592558656

50957 Fang the Fighter (level 14, -23/95 HPs)
             Began as a Gargoyle Berserker on June 5, 2019.
             Was a High Priest of Trog.
             Annihilated by a titanic slime creature (30 damage)
             ... on level 12 of the Dungeon.
             The game lasted 00:20:47 (16793 turns).

Fang the Fighter (Gargoyle Berserker)              Turns: 16793, Time: 00:20:47

Health: -23/95     AC: 45    Str: 25    XL:     14   Next: 57%
Magic:  14/14      EV: 12    Int:  9    God:    Trog [*****.]
Gold:   1633       SH:  3    Dex:  9    Spells: 13/13 levels left

rFire    . . .     SeeInvis +   s - +1 battleaxe (freeze)
rCold    . . .     Gourm    .   (shield currently unavailable)
rNeg     + . .     Faith    .   b - +3 plate armour
rPois    ∞         Spirit   .   K - +2 helmet
rElec    +         Reflect  +   H - +2 cloak
rCorr    .         Harm     .   (no gloves)
MR       +....                  o - +2 pair of boots
Stlth    ..........             f - +3 amulet of reflection
HPRegen  0.25/turn              G - ring of see invisible
MPRegen  0.14/turn              z - +5 ring of protection

@: flying
A: big wings, negative energy resistance 1, electricity resistance, unbreathing,
petrification resistance, rot immunity, AC +10
a: Stop Flying, Berserk, Trog's Hand, Brothers in Arms, Renounce Religion


You were on level 12 of the Dungeon.
You worshipped Trog.
Trog was extremely pleased with you.
You were not hungry.

You visited 5 branches of the dungeon, and saw 21 of its levels.

You collected 1633 gold pieces.

Inventory:

Hand Weapons
 a - a +0 war axe
 s - a +1 battleaxe of freezing (weapon)
 y - a +2 antimagic battleaxe
 B - a +1 war axe of electrocution
Armour
 b - a +3 plate armour (worn)
 j - the +2 leather armour of the Moon {rPois rF+ Str+4 Stlth-}
   (You found it on level 10 of the Dungeon)

   It affects your strength (+4).
   It protects you from fire.
   It protects you from poison.
   It makes you less stealthy.
 o - a +2 pair of boots (worn)
 H - a +2 cloak (worn)
 K - a +2 helmet (worn)
Jewellery
 f - a +3 amulet of reflection (around neck)
 n - an uncursed ring of protection from magic
 p - an uncursed ring of protection from fire
 z - a +5 ring of protection (right hand)
 A - an uncursed ring of protection from cold
 D - an uncursed ring of stealth
 G - a ring of see invisible (left hand)
Wands
 v - a wand of polymorph (15)
 E - a wand of acid (10)
 F - a wand of scattershot (7)
 J - a wand of flame (22)
Scrolls
 d - 13 scrolls of remove curse
 e - 9 scrolls of identify
 h - 9 scrolls of teleportation
 i - 4 scrolls of fear
 l - 4 scrolls of blinking
 I - a scroll of magic mapping
Potions
 g - a potion of heal wounds
 k - 6 potions of flight
 m - 2 potions of might
 q - a potion of ambrosia
 r - 4 potions of haste
 t - 6 potions of curing
 u - 2 potions of berserk rage
 w - 2 potions of agility
 C - a potion of resistance
Comestibles
 c - 23 rations
 x - 3 chunks of flesh


   Skills:
 + Level 13.8 Fighting
 + Level 11.8 Axes
 + Level 13.6 Armour
 + Level 10.8 Dodging


You had 13 spell levels left.
You didn't know any spells.
Your spell library was empty.

Dungeon Overview and Level Annotations

Branches:
Dungeon (12/15)            Temple (1/1) D:7            Lair (6/6) D:10
 Shoals (0/4) Lair:4        Snake (1/4) Lair:3        Slime (0/5) Lair:6
    Orc (0/2) D:9            Hell (1/1)
    Dis: Hell:1         Geh: Hell:1         Coc: Hell:1         Tar: Hell:1

Altars:
Ashenzari
Cheibriados
Hepliaklqana
Makhleb
Nemelex Xobeh
Qazlal
Ru
Sif Muna
Vehumet
Wu Jian
Yredelemnul
Zin
Jiyva

Shops:
D:4 [   D:7 [

Portals:
Hell: Lair:6

Annotations:
Lair:2 3 runed translucent doors, erik8weld's ghost, novice MiFi
Lair:5 3 runed translucent doors, Fang's ghost, journeyman GrBe; Reog's ghost, journeyman MiBe; pkoi's ghost, journeyman MiFi
Hell Geryon


Innate Abilities, Weirdness & Mutations

You are resistant to torment.
Your stone body is resilient. (AC +10)
You are immune to poison.
Your large and strong wings let you fly indefinitely.
You resist negative energy. (rN+)
You are resistant to electric shocks. (rElec)
You can survive without breathing.
You are immune to petrification.
You are immune to rotting.


Message History

You block the titanic slime creature's attack.
You completely miss the titanic slime creature.
The titanic slime creature is moderately wounded.
The titanic slime creature hits you but does no damage.
You slice the titanic slime creature like a ripe choko!!!
You freeze the titanic slime creature!
The titanic slime creature is heavily wounded.
The titanic slime creature hits you.
You slice the titanic slime creature!! You freeze the titanic slime creature.
The titanic slime creature is heavily wounded.
The titanic slime creature hits you!!!
Ouch! That really hurt!
* * * LOW HITPOINT WARNING * * *
You are too injured to fight recklessly!
You are too injured to fight recklessly!
You are too injured to fight recklessly!
You are too injured to fight recklessly!
You are too injured to fight recklessly!
The titanic slime creature hits you!!
You die...

#.#. #.#. ##
..... (.. ...
.... ... .....
###.######....#
#.....@J...#
#.#.#.######
#.#.#.# #...#.#
#..##.# #<....#
##.#### #.# #.#


You could see a titanic slime creature.

Vanquished Creatures
  Erolcha (D:9)
  5 hydras (Lair:6)
  Erica (D:8)
  4 death yaks (Lair:6)
  3 two-headed ogres
  4 lindwurms (Lair:3)
  A wizard (Lair:6)
  Pikel (D:8)
  An ugly thing (D:11)
  Maurice (D:8)
  A manticore (Lair:5)
  13 elephants
  8 black mambas
  9 spiny frogs
  Psyche (D:9)
  A gargoyle (D:10)
  15 rime drakes
  5 komodo dragons
  An ice devil (Lair:6)
  A red devil (Lair:6)
  A polar bear (Lair:6)
  A troll (D:11)
  4 merfolk (Lair:4)
  A hornet (Lair:4)
  Prince Ribbit (D:6)
  10 dream sheep
  7 blink frogs (Lair:6)
  9 hippogriffs
  A spriggan (D:9)
  A shadow (D:9)
  19 yaks
  8 wyverns (Lair:5)
  6 basilisks
  3 hungry ghosts
  A steam dragon (Lair:6)
  15 water moccasins
  Duvessa (D:6)
  3 hell hounds (Lair:6)
  4 orc warriors
  2 swamp drakes (Lair:6)
  6 porcupines
  3 sky beasts
  4 slaves (D:8)
  2 necrophages
  4 ice beasts
  An ogre (D:10)
  2 phantoms
  5 wolves (Lair:1)
  5 centaurs
  10 crocodiles
  7 bullfrogs
  A wyvern zombie (D:11)
  Dowan (D:6)
  A scorpion (D:9)
  A water moccasin skeleton (D:4)
  A troll zombie (D:9)
  5 wights (D:11)
  4 howler monkeys
  2 electric eels
  3 crimson imps
  5 bullfrog zombies
  A quasit (D:7)
  2 centaur skeletons
  11 hounds
  3 orc priests
  2 bullfrog skeletons
  3 jellies
  Crazy Yiuf (D:3)
  Jessica (D:3)
  11 orc wizards
  3 iguanas
  5 worker ants
  7 ogre zombies (D:9)
  A hound zombie (D:7)
  A hound skeleton (D:5)
  Robin (D:3)
  3 gnolls (D:6)
  17 adders
  A shadow imp (D:7)
  An adder zombie (D:6)
  An ooze (D:3)
  2 adder skeletons
  4 dart slugs
  5 leopard geckos
  38 orcs
  5 ball pythons
  3 giant cockroaches
  17 goblins
  12 hobgoblins
  9 jackals
  8 kobolds
  6 quokkas
  12 bats
  5 frilled lizards
  2 goblin skeletons (D:9)
  3 goblin zombies (D:9)
  3 hobgoblin zombies (D:9)
  A leopard gecko zombie (D:8)
  3 orc skeletons (D:9)
  14 orc zombies (D:9)
  6 rats
  3 fungi
  5 plants
490 creatures vanquished.

Vanquished Creatures (collateral kills)
  A hydra (Lair:3)
  A sun demon (Lair:6)
  A smoke demon (Lair:6)
  An orange demon (Lair:6)
  An ice devil (Lair:6)
  2 red devils (Lair:6)
  A hell hound (Lair:6)
8 creatures vanquished.

Vanquished Creatures (others)
  9 fungi
  3 plants (Lair:5)
12 creatures vanquished.

Grand Total: 510 creatures vanquished

Notes
Turn   | Place    | Note
-------+----------+-------------------------------------------
     0 | D:1      | Fang the Gargoyle Berserker began the quest for the Orb.
     0 | D:1      | Reached XP level 1. HP: 14/14 MP: 1/1
    67 | D:1      | Reached XP level 2. HP: 14/19 MP: 2/2
   420 | D:1      | Reached XP level 3. HP: 23/23 MP: 3/3
   423 | D:1      | Reached ** piety under Trog
  1094 | D:2      | Reached XP level 4. HP: 11/29 MP: 4/4
  1885 | D:3      | Reached XP level 5. HP: 32/33 MP: 5/5
  1914 | D:3      | Noticed Robin
  1932 | D:3      | Killed Robin
  2007 | D:3      | Noticed Jessica
  2013 | D:3      | Killed Jessica
  2042 | D:3      | Reached *** piety under Trog
  2415 | D:3      | Found a runed translucent door.
  2416 | D:3      | Noticed Crazy Yiuf
  2425 | D:3      | Killed Crazy Yiuf
  2425 | D:3      | Reached XP level 6. HP: 39/39 MP: 6/6
  2827 | D:4      | Reached skill level 5 in Fighting
  2827 | D:4      | Reached XP level 7. HP: 34/44 MP: 7/7
  2859 | D:4      | Found Jafythunau's Armour Boutique.
  2973 | D:4      | Found a hazy altar of Hepliaklqana.
  2974 | D:4      | Found a burning altar of Makhleb.
  2974 | D:4      | Found an ornate altar of the Wu Jian Council.
  2991 | D:4      | Found a basalt altar of Yredelemnul.
  3059 | D:4      | Reached **** piety under Trog
  3514 | D:5      | Entered Level 5 of the Dungeon
  3642 | D:5      | Reached skill level 5 in Armour
  3817 | D:5      | Reached XP level 8. HP: 33/51 MP: 8/8
  4208 | D:6      | Noticed Prince Ribbit
  4214 | D:6      | Reached skill level 5 in Axes
  4234 | D:6      | Killed Prince Ribbit
  4606 | D:6      | Noticed Duvessa
  4606 | D:6      | Noticed Dowan
  4613 | D:6      | Killed Dowan
  4634 | D:6      | Killed Duvessa
  4907 | D:6      | Reached XP level 9. HP: 53/56 MP: 9/9
  5141 | D:7      | Found a staircase to the Ecumenical Temple.
  5150 | D:7      | Reached skill level 5 in Dodging
  5159 | Temple   | Entered the Ecumenical Temple
  5193 | D:7      | Found Kuenic's Antique Armour Shop.
  5578 | D:8      | Noticed Pikel
  5594 | D:8      | Killed Pikel
  6066 | D:8      | Noticed Maurice
  6093 | D:8      | Killed Maurice
  6115 | D:8      | Noticed Erica
  6147 | D:8      | Killed Erica
  6147 | D:8      | Reached XP level 10. HP: 47/65 MP: 10/10
  6217 | D:8      | Received a gift from Trog
  6232 | D:8      | Noticed a two-headed ogre
  6247 | D:8      | Killed a two-headed ogre
  6738 | D:9      | Found a staircase to the Orcish Mines.
  6833 | D:9      | Reached ***** piety under Trog
  7068 | D:9      | Noticed Psyche
  7077 | D:9      | Killed Psyche
  7322 | D:9      | Noticed Erolcha
  7326 | D:9      | Reached XP level 11. HP: 71/71 MP: 11/11
  7342 | D:9      | Killed Erolcha
  7533 | D:10     | Entered Level 10 of the Dungeon
  7754 | D:10     | Reached skill level 10 in Fighting
  7756 | D:10     | Noticed a two-headed ogre
  7764 | D:10     | Noticed a two-headed ogre
  7767 | D:10     | Killed a two-headed ogre
  7962 | D:10     | Killed a two-headed ogre
  7962 | D:10     | Reached skill level 10 in Armour
  8045 | D:10     | Found a staircase to the Lair.
  8460 | D:10     | Got an ichor-stained leather armour
  8471 | D:10     | Identified the +2 leather armour of the Moon {rPois rF+
                  | Str+4 Stlth-} (You found it on level 10 of the Dungeon)
  8578 | D:11     | Received a gift from Trog
  8960 | D:11     | Noticed a brown ugly thing
  8981 | D:11     | Killed a brown ugly thing
  9235 | Lair:1   | Entered Level 1 of the Lair of Beasts
  9246 | Lair:1   | Reached XP level 12. HP: 70/79 MP: 12/12
  9348 | Lair:1   | Found a dark tunnel.
  9947 | Lair:2   | Identified a scroll of acquirement
 10033 | Lair:2   | Found a runed translucent gate.
 10033 | Lair:2   | Found a runed translucent gate.
 10033 | Lair:2   | Found a runed translucent gate.
 10094 | Lair:2   | Noticed erik8weld's ghost (novice MiFi)
 11235 | Lair:3   | Reached skill level 10 in Axes
 11419 | Lair:3   | Found a staircase to the Snake Pit.
 11607 | Lair:3   | Found the +8 lance "Wyrmbane" {slay drac, rPois rF+ rC+
                  | AC+3}
 11911 | Lair:3   | Noticed a six-headed hydra
 11917 | Lair:3   | Killed a six-headed hydra
 11917 | Lair:3   | Reached XP level 13. HP: 77/86 MP: 13/13
 12120 | Snake:1  | Entered Level 1 of the Snake Pit
 12289 | Lair:4   | Received a gift from Trog
 12448 | Lair:4   | Found a staircase to the Shoals.
 13376 | Lair:5   | Found a hazy altar of Hepliaklqana.
 13725 | Lair:5   | Found a runed translucent gate.
 13728 | Lair:5   | Found a runed translucent gate.
 13729 | Lair:5   | Found a runed translucent gate.
 13893 | Lair:5   | Noticed Reog's ghost (journeyman MiBe)
 13894 | Lair:5   | Noticed pkoi's ghost (journeyman MiFi)
 13894 | Lair:5   | Noticed Fang's ghost (journeyman GrBe)
 13906 | Lair:5   | Reached skill level 10 in Dodging
 14348 | Lair:6   | Entered Level 6 of the Lair of Beasts
 14364 | Lair:6   | Gained mutation: Your large and strong wings let you fly
                  | indefinitely. [Gargoyle growth]
 14364 | Lair:6   | Reached XP level 14. HP: 32/94 MP: 14/14
 14847 | Lair:6   | Found a staircase to the Slime Pits.
 14847 | Lair:6   | Found a viscous altar of Jiyva.
 14931 | Lair:6   | Reached ****** piety under Trog
 15234 | Lair:6   | Received a gift from Trog
 15965 | Lair:6   | Found a burning altar of Makhleb.
 16319 | Lair:6   | Found a gateway to Hell.
 16337 | Hell     | Entered the Vestibule of Hell
 16337 | Hell     | Noticed Geryon
 16793 | D:12     | Annihilated by a titanic slime creature

Skill      XL: |  1  2  3  4  5  6  7  8  9 10 11 12 13 14 |
---------------+-------------------------------------------+-----
Axes           | 3 4 5 7 8 9 10 11 | 11.8
Dodging        | 2 3 4 6 7 8 9 10 | 10.8
Armour         | 3 4 5 6 8 9 10 11 12 13 | 13.6
Fighting       | 4 5 6 8 9 10 12 13 | 13.8

Action                   |  1- 3 |  4- 6 |  7- 9 | 10-12 | 13-15 || total
-------------------------+-------+-------+-------+-------+-------++-------
Melee: Hand axe          |   106 |   189 |   243 |       |       ||   538
       War axe           |       |       |   184 |   900 |    49 ||  1133
       Battleaxe         |       |       |       |       |   477 ||   477
Invok: Berserk           |       |     2 |     4 |     3 |     6 ||    15
       Brothers in Arms  |       |       |       |     1 |     2 ||     3
 Abil: Fly               |       |       |       |       |     1 ||     1
  Use: Scroll            |       |       |       |    26 |     7 ||    33
       Potion            |       |       |       |     2 |     1 ||     3
 Stab: Sleeping          |       |     1 |       |       |       ||     1
  Eat: Chunk             |     1 |     7 |    15 |    19 |    21 ||    63
       Ration            |       |       |       |     4 |     1 ||     5
Armor: Animal skin       |    66 |    53 |       |       |       ||   119
       Chain mail        |       |    40 |   271 |       |       ||   311
       Plate armour      |       |       |    26 |   762 |   738 ||  1526
Dodge: Dodged            |   107 |   121 |   171 |   499 |   434 ||  1332
Block: Other             |       |       |       |    97 |    98 ||   195
       Reflection        |       |       |       |     2 |       ||     2
